 Dungeon Crawl Stone Soup version 0.27.0-66-gdc8fb28755 (webtiles) character file.

Game seed: 11879754069744087688

833 garrulousMonolith the Poker (level 7, -2/49 HPs)
             Began as an Octopode Fighter on Aug 21, 2021.
             Slain by a wyvern zombie (3 damage)
             ... on level 6 of the Dungeon.
             The game lasted 00:04:08 (5495 turns).

garrulousMonolith the Poker (Octopode Fighter)      Turns: 5495, Time: 00:04:08

Health: -2/49      AC:  1    Str: 15    XL:     7   Next: 98%
Magic:  7/7        EV: 16    Int: 11    God:
Gold:   213        SH: 10    Dex: 13    Spells: 6/6 levels left

rFire    . . .     SeeInvis .   a - +0 trident
rCold    . . .     Faith    +   b - +1 kite shield
rNeg     . . .     Spirit   .   (helmet restricted)
rPois    .         Reflect  .   r - amulet of faith
rElec    .         Harm     .   f - +4 ring of evasion
rCorr    +         Rampage  .   n - ring of resist corrosion
Will     .....                  (no ring)
Stlth    ++++......             (no ring)
HPRegen  0.16/turn              (no ring)
MPRegen  0.10/turn              (no ring)
                                (no ring)
                                (no ring)

@: mighty, lethally poisoned (-2 -> -3), attractive
A: almost no armour, amphibious, 8 rings, camouflage 1, gelatinous body 1,
(nimble swimmer 1), tentacles
a: no special abilities


You were on level 6 of the Dungeon.
You visited 1 branch of the dungeon, and saw 6 of its levels.

You collected 213 gold pieces.

Inventory:

Hand Weapons
 a - a +0 trident (weapon)
 w - a +0 hunting sling
Missiles
 e - 88 sling bullets
Armour
 b - a +1 kite shield (worn)
Jewellery
 f - a +4 ring of evasion (left tentacle)
 j - a ring of ice
 n - a ring of resist corrosion (right tentacle)
 r - an amulet of faith (around mantle)
 v - a +4 ring of protection
 y - an amulet of guardian spirit
Wands
 q - a wand of flame (7)
Scrolls
 g - a scroll of fear {unknown}
 i - a scroll of fog {unknown}
 k - a scroll of amnesia {unknown}
 o - a scroll of noise {unknown}
 p - a scroll of enchant armour
 s - a scroll of teleportation {unknown}
 t - a scroll of blinking {unknown}
 x - a scroll of brand weapon {unknown}
Potions
 d - 2 potions of lignification
 h - a potion of resistance
 l - a potion of brilliance
 m - a potion of invisibility {unknown}
 u - a potion of attraction
 z - a potion of cancellation {unknown}


   Skills:
 + Level 4.5 Fighting
 * Level 5.4 Polearms
 + Level 4.5 Dodging
 + Level 4.7 Stealth
 + Level 4.6 Shields


You had 6 spell levels left.
You didn't know any spells.
Your spell library was empty.

Dungeon Overview and Level Annotations

Branches:
Dungeon (6/15)
 Temple: D:4-7

Altars:

Annotations:
D:5 Prince Ribbit


Innate Abilities, Weirdness & Mutations

You cannot wear most types of armour.
You are amphibious.
You can wear up to eight rings at the same time.
Your skin changes colour to match your surroundings (Stealth+).
Your rubbery body absorbs attacks. (AC +1, EV +1)
((You are camouflaged near water. (Stealth+)))
You have tentacles for arms and can constrict up to eight enemies at once.


Message History

You constrict the bullfrog. The bullfrog closely misses you.
You block the bullfrog's attack.
You feel very mighty all of a sudden.
You constrict the bullfrog. You block the bullfrog's attack.
The bullfrog misses you.
You puncture the bullfrog!
You kill the bullfrog!
The water moccasin bites you.
You are poisoned.
The water moccasin poisons you!
You puncture the water moccasin! You grab the water moccasin.
The water moccasin is moderately wounded.
You constrict the water moccasin.
You feel very sick.
You block the water moccasin's attack. x2
You puncture the water moccasin!
The water moccasin is almost dead.
You constrict the water moccasin!
You kill the water moccasin!
You feel sick.
You puncture the howler monkey zombie! You grab the howler monkey zombie.
You squeeze the howler monkey zombie!
You destroy the howler monkey zombie!
You feel sick. The wyvern zombie bites you!
* * * LOW HITPOINT WARNING * * *
You puncture the wyvern zombie! Your squeeze misses the wyvern zombie.
The wyvern zombie is moderately damaged.
* * * LOW HITPOINT WARNING * * *
You feel sick. You block the wyvern zombie's attack.
You hit the wyvern zombie.
The wyvern zombie is heavily damaged.
* * * LOW HITPOINT WARNING * * *
You feel sick. You block the wyvern zombie's attack.
The wyvern zombie bites you.
* * * LOW HITPOINT WARNING * * *
It was a potion of attraction.
You feel attractive to monsters.
* * * LOW HITPOINT WARNING * * *
You feel sick. The wyvern zombie bites you.
You die...

.. #.# #?.....
...... ###....#
# #...... ..
#.#.#.###..#
#@#........#
#Z#.../...#
#.#Z..#
####.#.#...####
#.....).S.......
#.##.#..........
#.##.#.###### .
.....# .#
.....?..


You could see a wyvern zombie.

Vanquished Creatures
  Edmund (D:5)
  A water moccasin (D:6)
  Blork the orc (D:5)
  A bullfrog (D:6)
  A scorpion (D:5)
  A water moccasin skeleton (D:5)
  2 orc priests (D:3)
  4 hounds
  An iguana (D:4)
  2 orc wizards
  A howler monkey zombie (D:6)
  5 adders
  2 adder skeletons (D:4)
  A worm (D:4)
  10 orcs
  3 endoplasms
  3 giant cockroaches
  5 goblins
  4 hobgoblins
  15 jackals
  3 quokkas
  6 ball pythons
  5 bats
  3 frilled lizards (D:3)
  4 kobolds
  5 rats
90 creatures vanquished.

Notes
Turn   | Place    | Note
-------+----------+-------------------------------------------
     0 | D:1      | garrulousMonolith the Octopode Fighter began the quest for
                  | the Orb.
     0 | D:1      | Reached XP level 1. HP: 16/16 MP: 1/1
    13 | D:1      | Found a faded altar of an unknown god.
   455 | D:1      | Reached XP level 2. HP: 21/21 MP: 2/2
   973 | D:2      | Reached skill level 1 in Stealth
  1046 | D:2      | Reached XP level 3. HP: 24/26 MP: 3/3
  1786 | D:3      | Reached XP level 4. HP: 31/31 MP: 4/4
  1880 | D:3      | Reached skill level 3 in Polearms
  2229 | D:3      | Reached XP level 5. HP: 28/36 MP: 5/5
  3524 | D:4      | Reached XP level 6. HP: 43/43 MP: 6/6
  3652 | D:4      | Reached skill level 4 in Polearms
  3737 | D:4      | You fall into a shaft and drop 1 floor!
  3737 | D:5      | Entered Level 5 of the Dungeon
  4270 | D:4      | Reached XP level 7. HP: 32/48 MP: 7/7
  4669 | D:5      | Noticed Edmund
  4677 | D:5      | Killed Edmund
  5074 | D:5      | Noticed Blork the orc
  5083 | D:5      | Killed Blork the orc
  5084 | D:5      | Reached skill level 5 in Polearms
  5141 | D:5      | Noticed Prince Ribbit
  5494 | D:6      | HP: 2/49 [wyvern zombie (1)]
  5495 | D:6      | Slain by a wyvern zombie

Illustrated notes

Levels and vault maps discovered:
D:1:      lightli_arrival_boilingwater, layout_basic,
          shapermc_ecumenical_altar_acropolis
D:2:      layout_loops_ring, grunt_decor_cap, minmay_pentomino_pile
D:3:      layout_loops_corners, minmay_vboxes
D:4:      layout_loops_corners
D:5:      layout_layer_cave, uniq_prince_ribbit1, uniq_edmund,
          uniq_blork_the_orc
D:6:      layout_loops_ring, nzn_random_ring

Skill      XL: |  1  2  3  4  5  6  7 |
---------------+----------------------+-----
Stealth        | 1 2 3 4 |  4.7
Polearms       | 3 4 5 |  5.4
Shields        | 4 |  4.6
Fighting       | 4 |  4.5
Dodging        | 4 |  4.5

Action                   |  1- 3 |  4- 6 |  7- 9 || total
-------------------------+-------+-------+-------++-------
Melee: Trident           |    54 |   123 |    38 ||   215
       Constrict         |    11 |    27 |     9 ||    47
       Tentacles         |     7 |    15 |     9 ||    31
Evoke: Wand              |       |       |     4 ||     4
  Use: Scroll            |       |     3 |     1 ||     4
       Potion            |       |       |     2 ||     2
 Stab: Sleeping          |    10 |    19 |     2 ||    31
Armor: Skin              |       |     3 |       ||     3
Dodge: Dodged            |    13 |    48 |    21 ||    82
Block: Kite shield       |    14 |    29 |    19 ||    62
